 Dungeon Crawl Stone Soup version 0.18-a0-1797-gc18daef (webtiles) character file.

48 4thArraOfDagon the Slasher (level 4, 0/33 HPs)
             Began as a Human Warper on Apr 22, 2016.
             Succumbed to an adder's poison
             ... on level 4 of the Dungeon.
             The game lasted 00:03:33 (708 turns).

4thArraOfDagon the Slasher (Human Warper)            Turns: 708, Time: 00:03:34

Health: 0/33       AC:  3    Str: 10 (11) XL:     4   Next: 0%
Magic:  7/7        EV: 11    Int: 13 (15) God:
Gold:   42         SH:  0    Dex: 10 (12) Spells: 2 memorised, 4 levels left

rFire  + . .     SeeInvis .     a - +0 falchion
rCold  + . .     Gourm    .     b - +0 leather armour
rNeg   . . .     Faith    .     (no shield)
rPois  +         Spirit   .     (no helmet)
rElec  +         Dismiss  .     (no cloak)
rCorr  +         Reflect  .     (no gloves)
SustAt .         Harm     .     (no boots)
MR     .....                    (no amulet)
Stlth  +.........               (no ring)
                                (no ring)

@: lethally poisoned (0 -> -3), resistant, not resistant to hostile
enchantments, very unstealthy
A: no striking features
a: no special abilities


You were on level 4 of the Dungeon.
You were not hungry.

You visited 1 branch of the dungeon, and saw 4 of its levels.

You collected 42 gold pieces.

Inventory:

Hand Weapons
 a - a +0 falchion (weapon)
Missiles
 e - 5 tomahawks of dispersal (quivered)
Armour
 b - a +0 leather armour (worn)
Scrolls
 d - a scroll of enchant armour {unknown}
 h - a scroll of remove curse {unknown}
Books
 c - a book of Spatial Translocations

   Spells                             Type                      Level
   a - Apportation                    Translocation                1
   b - Blink                          Translocation                2
   c - Shroud of Golubria             Charms/Translocation         2
   d - Portal Projectile              Translocation                3
   e - Teleport Other                 Translocation                3
   f - Passage of Golubria            Translocation                4
Comestibles
 f - a bread ration
 g - 2 slices of pizza
 j - a beef jerky


   Skills:
 - Level 2.0 Fighting
 * Level 3.9 Long Blades
 - Level 1.0 Throwing
 - Level 1.0 Armour
 - Level 2.0 Dodging
 - Level 2.0 Spellcasting
 - Level 3.0 Translocations


You had 4 spell levels left.
You knew the following spells:

 Your Spells              Type           Power        Failure   Level  Hunger
a - Apportation           Tloc           #.........   12%         1    ##.....
b - Blink                 Tloc           N/A          17%         2    ###....


Dungeon Overview and Level Annotations

Branches:
Dungeon (4/15)             Temple (0/1) D:4

Altars:

Annotations:
D:2 Robin, Sigmund


Message History

You feel sick. The adder closely misses you.
You are too injured to fight recklessly!
You hit the adder.
You kill the adder!
You have reached level 4!
You feel clever.
You feel your intelligence returning.
* * * LOW HITPOINT WARNING * * *
You feel sick.
Unknown command.
Unknown command.
Drink which item? (? for menu, Esc to quit)
It was a potion of resistance.
You feel protected.
* * * LOW HITPOINT WARNING * * *
You feel sick.
Unknown command.
Unknown command.
Unknown command.
You die...

##.####..#
..........
#...#.#...
#..#.#.#..
##.#.#.#.#.
#...#.>.#..
#..#.#.#.#.
#$.@#.#.#..
#.#######....#.#...
#..................
######.####.####..
#.####.# # #......#
#..##### #..# #..#


There were no monsters in sight!

Vanquished Creatures
  2 adders
  An ooze (D:1)
  2 giant geckos (D:2)
  An orc (D:3)
  A ball python (D:1)
  2 giant cockroaches
  5 goblins (D:1)
  2 hobgoblins (D:2)
  A kobold (D:3)
  2 bats (D:3)
  A giant newt (D:1)
  A rat (D:1)
21 creatures vanquished.

Notes
Turn   | Place    | Note
--------------------------------------------------------------
     0 | D:1      | 4thArraOfDagon the Human Warper began the quest for the Orb.
     0 | D:1      | Reached XP level 1. HP: 16/16 MP: 3/3
    54 | D:2      | Noticed Sigmund
   123 | D:1      | Reached XP level 2. HP: 18/22 MP: 5/5
   238 | D:2      | Noticed Robin
   239 | D:2      | LOL
   268 | D:3      | HP: 1/22 [giant cockroach (2)]
   342 | D:3      | incide: you doing a challenge or something?
   449 | D:3      | 4thArraOfDagon: 8im challenging
   449 | D:3      | 4thArraOfDagon: optimal play
   456 | D:3      | Reached XP level 3. HP: 15/27 MP: 6/6
   680 | D:3      | Learned a level 2 spell: Blink
   689 | D:4      | Found a staircase to the Ecumenical Temple.
   703 | D:4      | Reached XP level 4. HP: 2/33 MP: 7/7
   703 | D:4      | HP: 1/33 [poisoned by an adder]
   708 | D:4      | Succumbed to an adder's poison

Vault maps used:
D:1:      dpeg_arrival_rhombus, serial_forest, infiniplex_forest_straight_2,
          infiniplex_forest_end_1, infiniplex_forest_zigzag_1,
          infiniplex_forest_straight_3, grunt_decor_fettered,
          minmay_misc_feat_more_columns, st_stairs_5
D:2:      uniq_robin, uniq_sigmund, uniq_natasha
D:3:      lemuel_crystal_altar, grunt_temple_overflow_open, okawaru_gym_becter,
          uniq_crazy_yiuf_cottage
D:4:      minmay_temple_entry_grid, first_bread, serial_shops, shop_statue

Skill      XL: |  1  2 |
---------------+-------+-----
Long Blades    | 3 |  3.9
Fighting       | |  2.0
Throwing       | |  1.0
Armour         | |  1.0
Dodging        | |  2.0
Spellcasting   | |  2.0
Translocations | |  3.0

Action                   |  1- 3 |  4- 6 || total
-------------------------+-------+-------++-------
Melee: Falchion          |    97 |       ||    97
  Use: Scroll            |     4 |       ||     4
       Potion            |     1 |     1 ||     2
Armor: Leather armour    |    29 |       ||    29
Dodge: Dodged            |    82 |       ||    82
